 Dungeon Crawl Stone Soup version 0.29-a0-409-gd843f3a48c (webtiles) character file.

Game seed: 4994341573437648953

294 Demosthentine the Skirmisher (level 6, 0/55 HPs)
             Began as a Hill Orc Fighter on May 15, 2022.
             Slain by a killer bee (2 damage)
             ... on level 4 of the Dungeon.
             The game lasted 00:03:12 (3639 turns).

Demosthentine the Skirmisher (Hill Orc Fighter)     Turns: 3639, Time: 00:03:13

Health: 0/55       AC: 12    Str: 18 (21) XL:     6   Next: 33%
Magic:  6/6        EV:  9    Int:  7 (8)  God:
Gold:   137        SH:  5    Dex:  9 (10) Spells: 5/5 levels left

rFire   + . .      SeeInvis +   a - +0 war axe
rCold   . . .      Faith    .   c - +1 buckler
rNeg    . . .      Spirit   .   b - +0 scale mail
rPois   +          Reflect  .   (no helmet)
rElec   .          Harm     .   (no cloak)
rCorr   .          Rampage  .   (no gloves)
Will    .....                   m - +0 pair of boots
Stlth   ..........              k - amulet of magic regeneration
HPRegen 0.18/turn               g - ring of see invisible
MPRegen 0.50/turn               i - +4 ring of protection

@: mighty, flying
A: hooves 1, fire resistance 1, poison resistance
a: no special abilities


You were on level 4 of the Dungeon.
You visited 2 branches of the dungeon, and saw 5 of its levels.

You collected 137 gold pieces.

Inventory:

Hand Weapons
 a - a +0 war axe (weapon)
Armour
 b - a +0 scale mail (worn)
 c - a +1 buckler (worn)
 m - a +0 pair of boots (worn)
Jewellery
 g - a ring of see invisible (left hand)
 i - a +4 ring of protection (right hand)
 k - an amulet of magic regeneration (around neck)
Scrolls
 h - a scroll of amnesia {unknown}
 j - a scroll of enchant armour
 n - a scroll of summoning {unknown}
Potions
 f - 2 potions of mutation


   Skills:
 + Level 4.9 Fighting
 + Level 4.4 Axes
 + Level 4.5 Armour
 + Level 1.9 Dodging
 + Level 4.4 Shields


You had 5 spell levels left.
You didn't know any spells.
Your spell library contained the following spells:

 Spells                   Type           Power      Damage    Failure   Level
 Ozocubu's Armour         Ice            0%         N/A       99%         3
 Conjure Ball Lightning   Conj/Air       0%         3x3d6     100%        6
 Ozocubu's Refrigeration  Ice            0%         4d5       100%        7
 Discord                  Hex            0%         N/A       100%        8
 Disjunction              Tloc           0%         N/A       100%        8


Dungeon Overview and Level Annotations

Branches:
Dungeon (4/15)             Temple (1/1) D:4

Altars:
Cheibriados
Elyvilon
Gozag
Hepliaklqana
Makhleb
Nemelex Xobeh
Qazlal
Ru
Sif Muna
Trog
Vehumet
Wu Jian
Xom
Yredelemnul
Zin

Shops:
D:2 :


Innate Abilities, Weirdness & Mutations

You have large cloven feet.
Your flesh is heat resistant. (rF+)
Your system is resistant to poisons. (rPois)


Message History

You feel sick. The killer bee barely misses you.
You block the killer bee's attack.
You closely miss the killer bee.
You feel sick.
You are no longer poisoned.
The killer bee barely misses you.
The killer bee stings you but does no damage.
The killer bee stings you.
* * * LOW HITPOINT WARNING * * *
You barely miss the killer bee.
The killer bee stings you but does no damage.
You block the killer bee's attack.
You closely miss the killer bee.
The killer bee stings you but does no damage. x3
You closely miss the killer bee.
The killer bee stings you but does no damage.
The killer bee misses you. The killer bee barely misses you.
You closely miss the killer bee. You block the killer bee's attack.
The killer bee stings you but does no damage.
You barely miss the killer bee. The killer bee closely misses you.
The killer bee stings you but does no damage. x2
You miss the killer bee. The killer bee barely misses you.
The killer bee stings you but does no damage.
You closely miss the killer bee. You block the killer bee's attack.
The killer bee closely misses you. You block the killer bee's attack.
You miss the killer bee. You block the killer bee's attack.
The killer bee barely misses you.
You miss the killer bee. The killer bee closely misses you.
The killer bee barely misses you.
The killer bee stings you but does no damage.
You barely miss the killer bee. The killer bee stings you.
* * * LOW HITPOINT WARNING * * *
You block the killer bee's attack.
The killer bee stings you but does no damage.
You slash the killer bee!
The killer bee is severely wounded.
The killer bee misses you. The killer bee barely misses you.
You barely miss the killer bee.
The killer bee is severely wounded.
The killer bee stings you.
You die...

### #.. ##.##
... #.# #@# .
#y#########.#
#yy..........
##y......$##
#........(#
#.........#
#.#####.......
#############.#
####...
....#.......#.#
..


You could see 4 killer bees.

Vanquished Creatures
  A gnoll sergeant (D:3)
  2 hounds
  3 gnolls (D:3)
  5 adders
  A worm (D:2)
  4 dart slugs
  10 bats
  8 endoplasms
  3 giant cockroaches
  7 goblins
  4 hobgoblins
  5 jackals
  5 quokkas
  6 ball pythons
  4 frilled lizards
  7 kobolds
  13 rats
88 creatures vanquished.

Notes
Turn   | Place    | Note
-------+----------+-------------------------------------------
     0 | D:1      | Demosthentine the Hill Orc Fighter began the quest for the
                  | Orb.
     0 | D:1      | Reached XP level 1. HP: 19/19 MP: 1/1
   217 | D:1      | Reached XP level 2. HP: 27/27 MP: 2/2
   403 | D:1      | Reached XP level 3. HP: 32/33 MP: 3/3
  1337 | D:2      | Reached skill level 1 in Dodging
  1436 | D:2      | Reached XP level 4. HP: 36/40 MP: 4/4
  1736 | D:2      | Found Pun Veuw's Book Emporium.
  1981 | D:2      | Reached XP level 5. HP: 47/47 MP: 5/5
  2654 | D:3      | Gained mutation: Your flesh is heat resistant. (rF+)
                  | [potion of mutation]
  2654 | D:3      | Gained mutation: Your system is resistant to poisons.
                  | (rPois) [potion of mutation]
  2654 | D:3      | Gained mutation: You have large cloven feet. [potion of
                  | mutation]
  2655 | D:3      | HP: 2/47 [gnoll sergeant/+0 trident (8)]
  3356 | D:3      | Reached XP level 6. HP: 55/55 MP: 6/6
  3508 | D:4      | Found a staircase to the Ecumenical Temple.
  3527 | Temple   | Entered the Ecumenical Temple
  3637 | D:4      | HP: 2/55 [killer bee (3)]
  3639 | D:4      | Slain by a killer bee

Illustrated notes

Levels and vault maps discovered:
D:1:      dpeg_arrival_round_b, layout_basic, roderic_lattice_a
D:2:      layout_basic, serial_shops, shop_fountains
D:3:      layout_loops_ring, minmay_pentangle
D:4:      layout_basic, minmay_temple_entry_mini_moons, serial_glass,
          glass_columns_a, glass_columns_a, minmay_goblin_outpost
Temple:   nicolae_temple_no_exploring_needed

Skill      XL: |  1  2  3  4  5 |
---------------+----------------+-----
Axes           | 3 4 |  4.4
Fighting       | 4 |  4.9
Dodging        | 1 |  1.9
Armour         | 4 |  4.5
Shields        | 4 |  4.4

Action                   |  1- 3 |  4- 6 || total
-------------------------+-------+-------++-------
Melee: War axe           |   123 |   155 ||   278
  Use: Scroll            |     3 |     2 ||     5
       Potion            |       |     7 ||     7
Armor: Scale mail        |    74 |    96 ||   170
Dodge: Dodged            |    55 |    90 ||   145
Block: Buckler           |    34 |    72 ||   106

Table legend: (Time is in decaauts)
 A = Elapsed time spent in this place.
 B = Non-inter-level travel time spent in this place.
 C = Inter-level travel time spent in this place.
 D = Time resting spent in this place.
 E = Time spent auto-exploring this place.
 F = Levels seen in this place.
 G = Mean time per level.
                   A        B        C        D        E       F      G
               +--------+--------+--------+--------+--------+-----+--------+
         Total |   3718 |   3620 |     98 |    322 |   2582 |   5 |  743.6 |
       Dungeon |   3716 |   3618 |     98 |    322 |   2582 |   4 |  929.0 |
        Temple |      1 |      1 |      0 |      0 |      0 |   1 |    1.0 |
               +--------+--------+--------+--------+--------+-----+--------+

Top non-repeatable levels by time:
     D:3: 1255 daAuts
     D:1: 1163 daAuts
     D:2: 1138 daAuts
     D:4: 159 daAuts
  Temple: 1 daAuts
